Description

This is my best build for H&H you can do any match-up with this build. Reapers are the most versatile unit in their army. Upgrades mean a lot for them and Jump Jets are the most important upgrade. Ravens add a lot of dps so make sure to add them for extra DPS.

VOD

https://www.youtube.com/watch?v=790N-DaIvpU

Replay - Best Build Orders H&H Easy Expo

Build Order

Get SALT Encoding   

  12  0:05  Starport Tech Lab  
  12  0:08  SCV  
  13  0:25  SCV  
  13  0:26  Supply Depot  
  15  0:42  SCV  
  16  1:01  SCV  
  16  1:18  SCV  
  17  1:27  Command Center  
  17  1:36  SCV  
  19  1:53  SCV  
  19  1:57  Assault Galleon  
  19  2:09  Refinery, SCV  
  20  2:18  Refinery  
  20  2:26  SCV  
  22  2:43  SCV  
  23  3:01  Reaper  
  24  3:11  Reaper  
  27  3:21  Reaper  
  28  3:31  Reaper  
  28  3:34  Armory  
  31  3:52  Engineering Bay  
  32  4:05  Command Center  
  36  4:38  Jetpack Overdrive  
  39  5:04  Refinery x2  
  42  5:24  Supply Depot  
  42  5:28  Horner Weapons Level 1  
  41  5:59  Assault Galleon x2  
  42  6:08  LE9 Cluster Charges  
  43  6:12  Multi-Threaded Sensors  
  43  6:15  Supply Depot  
  45  6:33  Assault Galleon  
  47  6:44  Assault Galleon  
  48  6:53  Supply Depot  
  49  7:02  Reaper x2  
  49  7:07  Reaper  
  52  7:21  Reaper x3  
  55  7:30  Theia Raven  
  55  7:33  Hellion  
  55  7:37  Theia Raven  
  67  8:03  Fusion Core  
  72  8:17  Horner Weapons Level 2  
  84  9:02  Theia Raven  
  89  9:11  Supply Depot  
  93  9:41  Widow Mine  
Spawning Tool Build Advisor. Get it on Overwolf

Go to:

Details

  • Created by: hunter      
  • Published on: Jun 09, 2018
  • Modified on: Jul 18, 2018
  • Patch: 4.0.0
  • Difficulty: Easy
Show
View Real Time Build Order
Export as new Build Order

Comments (0)

There are no comments. Be the first!

Create an account to comment!